 Dungeon Crawl Stone Soup version 0.21-a0-286-g6fcecc0 (webtiles) character file.

137 zero the Cudgeler (level 5, -1/32 HPs)
             Began as a Gargoyle Berserker on Sept 25, 2017.
             Was a Believer of Trog.
             Slain by a goblin
             ... wielding a +0 club
              (3 damage)
             ... on level 4 of the Dungeon.
             The game lasted 00:03:58 (2198 turns).

zero the Cudgeler (Gargoyle Berserker)              Turns: 2198, Time: 00:03:59

Health: -1/32      AC: 13    Str: 23 (26) XL:     5   Next: 20%
Magic:  5/5        EV: 11    Int:  5 (8)  God:    Trog [**....]
Gold:   55         SH:  0    Dex:  6 (9)  Spells: 4/4 levels left

rFire    . . .     SeeInvis .   a - +0 mace
rCold    . . .     Gourm    .   (no shield)
rNeg     + . .     Faith    .   v - +0 ring mail
rPois    ∞         Spirit   .   (no helmet)
rElec    +         Reflect  .   (no cloak)
rCorr    .         Harm     .   e - +0 pair of gloves
MR       .....                  n - +2 pair of boots
Stlth    ..........             (no amulet)
HPRegen  0.10/turn              (no ring)
MPRegen  0.09/turn              (no ring)

@: mighty, hasted, very quick
A: negative energy resistance 1, electricity resistance, unbreathing,
petrification resistance, rot immunity, AC +4
a: Berserk, Trog's Hand, Burn Spellbooks, Renounce Religion


You were on level 4 of the Dungeon.
You worshipped Trog.
Trog was pleased with you.
You were not hungry.

You visited 1 branch of the dungeon, and saw 4 of its levels.

You collected 55 gold pieces.

Inventory:

Hand Weapons
 a - a +0 mace (weapon)
Armour
 e - a +0 pair of gloves (worn)
 n - a +2 pair of boots (worn)
 v - a +0 ring mail (worn)
Wands
 o - a wand of clouds (6/9)
Scrolls
 p - a scroll of magic mapping
Potions
 i - a potion of resistance {unknown}
 k - a potion of berserk rage {unknown}
 l - a potion of agility {unknown}
 m - a potion of mutation {unknown}
 q - a potion of brilliance {unknown}
Comestibles
 c - 3 bread rations
 h - a meat ration


   Skills:
 - Level 3.2 Fighting
 + Level 5.7 Maces & Flails
 - Level 2.1 Armour
 - Level 1.5 Dodging


You had 4 spell levels left.
You didn't know any spells.

Dungeon Overview and Level Annotations

Branches:
Dungeon (4/15)
 Temple: D:4-7

Altars:
Sif Muna
Wu Jian

Annotations:
D:4 Edmund; tidbits's ghost, amateur DrNe


Innate Abilities, Weirdness & Mutations

You are resistant to torment.
Your stone body is resilient. (AC +4)
You are immune to poison.
You resist negative energy. (rN+)
You are resistant to electric shocks. (rElec)
You can survive without breathing.
You are immune to petrification.
You are immune to rotting.


Message History

It was a potion of might.
You feel very mighty all of a sudden.
The orc wizard shouts!
Tidbits's ghost hits you.
* * * LOW HITPOINT WARNING * * *
The goblin barely misses you.
It was a potion of degeneration.
There was something very wrong with that liquid.
You feel weakened.
You feel dopey.
You feel clumsy. Tidbits's ghost hits you!
* * * LOW HITPOINT WARNING * * *
The goblin hits you but does no damage.
An orc comes into view. It is wielding a mace of protection.
It was a potion of haste.
You feel yourself speed up.
The orc shouts!
Tidbits's ghost points at you and mumbles some strange words.
Pain shoots through your body!
* * * LOW HITPOINT WARNING * * *
The goblin hits you with a club.
You die...

*,*,,,,*,,,,,*,,,,..#.#.# **,,
*,*,,,,*********###.o.#.# ***
*,*,,,,* ##.....#.### *,*,,,,*
##....o.....# * *,**,***
#...........# * *,**,*
###h..o..†....### *
*,**,*******#o.hoo...†......#****
*,,,,*,..oh...##Wg........#....,,
******,...h.##*#@.........#**##*,
,,,,,,,...o,* ############ **
******,...,,* * *,..,,,* *
**#***** * * * *


You could see 2 orc priests, an orc wizard, tidbits's ghost, 2 orcs, 2 jackals
and a goblin.

Vanquished Creatures
  An orc wizard (D:3)
  A gnoll (D:1)
  6 adders
  A worm (D:2)
  3 dart slugs
  A leopard gecko (D:4)
  An orc (D:3)
  A ball python (D:1)
  6 goblins
  3 hobgoblins
  3 kobolds
  2 bats (D:1)
  7 frilled lizards
  A jackal skeleton (D:3)
  4 rats
41 creatures vanquished.

Notes
Turn   | Place    | Note
-------+----------+-------------------------------------------
     0 | D:1      | zero the Gargoyle Berserker began the quest for the Orb.
     0 | D:1      | Reached XP level 1. HP: 14/14 MP: 1/1
    14 | D:1      | Reached XP level 2. HP: 8/19 MP: 2/2
   316 | D:1      | Reached skill level 4 in Maces & Flails
   462 | D:1      | Reached XP level 3. HP: 22/23 MP: 3/3
  1305 | D:2      | Found a deep blue altar of Sif Muna.
  1642 | D:2      | Found an ornate altar of the Wu Jian Council.
  1672 | D:2      | Reached XP level 4. HP: 19/28 MP: 4/4
  1678 | D:2      | Reached ** piety under Trog
  1893 | D:2      | Reached skill level 5 in Maces & Flails
  2149 | D:4      | Noticed Edmund
  2161 | D:4      | Reached XP level 5. HP: 17/32 MP: 5/5
  2179 | D:4      | Noticed tidbits's ghost (amateur DrNe)
  2198 | D:4      | Slain by a goblin

Vault maps used:
D:1:      lightli_arrival_chessboard
D:2:      lemuel_round_altar, lemuel_blue_sif_altar
D:3:      nemelex_dance_club_becter
D:4:      overflow_temple_1_default, serial_shops, shop, shop_coins, shop, shop,
          uniq_blork_the_orc, uniq_natasha, uniq_edmund

Skill      XL: |  1  2  3  4 |
---------------+-------------+-----
Maces & Flails | 4 5 |  5.7
Fighting       | |  3.2
Armour         | |  2.1
Dodging        | |  1.5

Action                   |  1- 3 |  4- 6 || total
-------------------------+-------+-------++-------
Melee: Mace              |    95 |    67 ||   162
Invok: Berserk           |     1 |     1 ||     2
       Trog's Hand       |       |     1 ||     1
  Use: Scroll            |       |     4 ||     4
       Potion            |       |     4 ||     4
  Eat: Chunk             |     2 |     3 ||     5
       Fruit             |       |     2 ||     2
Armor: Animal skin       |    42 |     2 ||    44
       Ring mail         |       |    51 ||    51
Dodge: Dodged            |    62 |    74 ||   136

Table legend:
 A = Spawn XP
 B = Non-spawn XP
 C = Spawn XP percentage of total XP
 D = Spawn monster count
 E = Non-spawn monster count
 F = Spawn count percentage of total count
 G = Total turns spent on level
                    A         B        C        D         E        F      G
               +---------+---------+-------+---------+---------+-------+---------
         Total |       0 |     196 |   0.0 |       0 |      41 |   0.0 |  2198
               +---------+---------+-------+---------+---------+-------+---------
           D:1 |       0 |      42 |   0.0 |       0 |      19 |   0.0 |   972
           D:2 |       0 |      61 |   0.0 |       0 |      13 |   0.0 |  1092
           D:3 |       0 |      59 |   0.0 |       0 |       5 |   0.0 |    85
           D:4 |       0 |      34 |   0.0 |       0 |       4 |   0.0 |    49
               +---------+---------+-------+---------+---------+-------+---------
